 Dungeon Crawl Stone Soup version 0.30-a0-862-g1aabd4f9c5 (webtiles) character file.

Game seed: 9429991168523151609

1176 qeuew the Slasher (level 8, -15/61 HPs)
             Began as a Merfolk Gladiator on Mar 8, 2023.
             Was an Initiate of Nemelex Xobeh.
             Demolished by an ogre
             ... wielding a +0 giant club
              (34 damage)
             ... on level 6 of the Dungeon.
             The game lasted 00:07:42 (5146 turns).

qeuew the Slasher (Merfolk Gladiator)               Turns: 5146, Time: 00:07:43

Health: -15/61     AC:  7    Str: 18    XL:     8   Next: 41%
Magic:  8/8        EV: 15    Int:  7    God:    Nemelex Xobeh [......]
Gold:   264        SH:  0    Dex: 16    Spells: 7/7 levels left

rFire   . . .      SeeInvis .    a - +1 long sword
rCold   + . .      Faith    .    (no shield)
rNeg    . . .      Spirit   .    x - +0 troll leather armour
rPois   .          Reflect  .    c - +0 helmet
rElec   .          Rampage  .    (no cloak)
rCorr   .                        (no gloves)
Will    .....                    (no boots)
Stlth   +                        (no amulet)
HPRegen 1.10/turn                o - ring of protection from cold
MPRegen 0.11/turn                (no ring)

@: mighty
A: (nimble swimmer 2), mertail, iridescent scales 1, strong 1
a: Renounce Religion, Draw Escape, Draw Destruction, Draw Summoning


You were on level 6 of the Dungeon.
You worshipped Nemelex Xobeh.
Nemelex Xobeh was noncommittal.
You visited 2 branches of the dungeon, and saw 7 of its levels.
You also visited: Ossuary.

You collected 264 gold pieces.

Inventory:

Hand Weapons
 a - a +1 long sword (weapon)
Missiles
 d - 2 throwing nets (quivered)
 e - 6 javelins
Armour
 c - a +0 helmet (worn)
 x - a +0 troll leather armour (worn)
Jewellery
 o - a ring of protection from cold (left hand)
Wands
 b - a wand of flame (11)
 n - a wand of mindburst (14)
 q - a wand of polymorph (9)
 s - a wand of digging (5)
 u - a wand of iceblast (35)
 v - a wand of charming (7)
Scrolls
 f - 4 scrolls of teleportation
 j - a scroll of enchant weapon
 l - 4 scrolls of fear
 p - a scroll of butterflies
Potions
 g - 2 potions of curing
 h - 3 potions of mutation
 i - 3 potions of haste
 m - a potion of brilliance
 w - a potion of flight


   Skills:
 + Level 4.5 Fighting
 * Level 7.2 Long Blades
 * Level 5.4 Throwing
 + Level 2.4 Armour
 + Level 6.3 Dodging
 + Level 0.1 Invocations
 + Level 0.1 Evocations


You had 7 spell levels left.
You didn't know any spells.
Your spell library contained the following spells:

 Spells                   Type           Power      Damage    Failure   Level
 Cigotuvi's Dreadful Rot  Necr/Pois/Air  0%         N/A       63%         2
 Poisonous Vapours        Pois/Air       0%         N/A       63%         2
 Mephitic Cloud           Conj/Pois/Air  0%         N/A       86%         3
 Olgreb's Toxic Radiance  Pois           0%         N/A       99%         4
 Ozocubu's Refrigeration  Ice            0%         4d7       100%        7
 Ignition                 Fire           0%         3d3       100%        8


Dungeon Overview and Level Annotations

Branches:
Dungeon (6/15)             Temple (1/1) D:5         Ossuary (visited)

Altars:
Ashenzari
Cheibriados
Dithmenos
Elyvilon
Fedhas
Hepliaklqana
Makhleb
Nemelex Xobeh
Qazlal
Ru
Trog
Uskayaw
Wu Jian
Zin
The Shining One

Shops:
D:1 (

Annotations:
D:5 3 runed translucent doors, jimonade's ghost, novice DjWr
D:6 Grinder


Innate Abilities, Weirdness & Mutations

((You are very nimble when in or above water. (Stealth+, EV+, Speed+++)))
Your lower body shifts to a powerful aquatic tail in water.
You are partially covered in iridescent scales. (AC +2)
Your muscles are strong. (Str +4, Int/Dex -1)


Message History

Grinder says, "You look like you could use a good racking."
Grinder gestures at you. You resist with some effort.
You slash Grinder!
Grinder is moderately wounded.
Grinder hits you but does no damage. The sky beast hits you.
The sky beast shocks you.
You hit Grinder.
Grinder is moderately wounded.
Grinder barely misses you. The sky beast barely misses you.
You hit Grinder but do no damage.
Grinder is moderately wounded.
Grinder gestures at you. Pain shoots through your body!
The sky beast hits you but does no damage.
You hit Grinder.
Grinder is heavily wounded.
Grinder gestures at you.
You suddenly lose the ability to move!
The sky beast hits you but does no damage.
The ogre hits you with a +0 giant club!!
* * * LOW HITPOINT WARNING * * *
Grinder hits you.
* * * LOW HITPOINT WARNING * * *
The sky beast hits you.
* * * LOW HITPOINT WARNING * * *
The sky beast shocks you.
* * * LOW HITPOINT WARNING * * *
The ogre barely misses you.
You can move again.
Okay, then.
You feel better. Grinder hits you but does no damage.
The sky beast barely misses you.
Unknown command.
You feel very mighty all of a sudden.
Grinder blinks!
The ogre hits you with a +0 giant club!!
Ouch! That really hurt!
You die...
Your body disappears without a glow.

. #........####
..##.........(.##
.....#.....##...##
.....#.##.###.<..## .
#........#......#
.....#............#
....###.####......#
......#.#####........
........@ยง.###.......
........OY..#.........
.#.........5##........
##.....###..........
#?....# #........
#....## ..## ......
... ..#... .#


You could see Grinder, a sky beast and an ogre.

Vanquished Creatures
  A troll (D:5)
  2 wraiths (Ossuary)
  A water moccasin (D:3)
  3 wights (Ossuary)
  A howler monkey (D:4)
  A jelly (D:6)
  A hound (D:4)
  2 iguanas
  An orc wizard (D:4)
  4 gnolls
  6 adders
  A white imp (D:5)
  An ufetubus (D:6)
  A worm (D:4)
  9 orcs
  4 bats
  8 endoplasms
  2 giant cockroaches
  13 goblins
  11 hobgoblins
  7 jackals
  5 quokkas
  10 ball pythons
  2 frilled lizards
  A hobgoblin skeleton (Ossuary)
  A hobgoblin zombie (Ossuary)
  14 kobolds
  2 kobold zombies (Ossuary)
  3 orc skeletons (Ossuary)
  2 orc zombies (Ossuary)
  7 rats
127 creatures vanquished.

Notes
Turn   | Place    | Note
-------+----------+-------------------------------------------
     0 | D:1      | qeuew the Merfolk Gladiator began the quest for the Orb.
     0 | D:1      | Reached XP level 1. HP: 16/16 MP: 1/1
    85 | D:1      | Reached XP level 2. HP: 23/23 MP: 2/2
   240 | D:1      | Found Waot's Weapon Emporium.
   319 | D:1      | Reached skill level 4 in Long Blades
   379 | D:1      | Reached XP level 3. HP: 12/28 MP: 3/3
   978 | D:2      | Reached XP level 4. HP: 32/34 MP: 4/4
  1132 | D:2      | Found a glowing golden altar of the Shining One.
  1450 | D:2      | Gained mutation: Your muscles are strong. (Str +4, Int/Dex
                  | -1) [potion of mutation]
  1450 | D:2      | Gained mutation: You are partially covered in iridescent
                  | scales. (AC +2) [potion of mutation]
  1633 | D:3      | Reached XP level 5. HP: 40/40 MP: 5/5
  1635 | D:3      | Noticed a +0 dagger
  1635 | D:3      | Noticed a +0 short sword
  1635 | D:3      | Noticed a +0 short sword
  1635 | D:3      | Noticed a +0 falchion
  1635 | D:3      | Noticed a +0 spear
  1635 | D:3      | Noticed a +0 dagger
  1635 | D:3      | Noticed a +0 spear
  1654 | D:3      | Reached skill level 1 in Armour
  1747 | D:3      | Noticed a +0 falchion
  1757 | D:3      | Found a hide-covered altar of Uskayaw.
  1767 | D:3      | Noticed a water moccasin
  1786 | D:3      | Killed a water moccasin
  1787 | D:3      | Reached skill level 5 in Long Blades
  1787 | D:3      | Reached skill level 5 in Dodging
  1787 | D:3      | Reached XP level 6. HP: 19/47 MP: 6/6
  2104 | D:3      | Found a faded altar of an unknown god.
  3220 | D:5      | Entered Level 5 of the Dungeon
  3233 | D:5      | Reached XP level 7. HP: 37/52 MP: 7/7
  3263 | D:5      | Found a sand-covered staircase.
  3267 | Ossuary  | Entered an ossuary
  3445 | Ossuary  | Reached skill level 6 in Long Blades
  3507 | Ossuary  | Noticed a wraith
  3507 | Ossuary  | Noticed a flying skull
  3520 | Ossuary  | Noticed a flying skull
  3548 | Ossuary  | Noticed a flying skull
  3554 | Ossuary  | Noticed a wraith
  3569 | Ossuary  | HP: 1/50 [wraith (8)]
  3572 | Ossuary  | Killed a wraith
  3720 | Ossuary  | Noticed a flying skull
  3722 | Ossuary  | Noticed a flying skull
  3728 | Ossuary  | Noticed a wraith
  3748 | Ossuary  | Killed a wraith
  3749 | Ossuary  | Reached XP level 8. HP: 31/60 MP: 8/8
  3832 | Ossuary  | Reached skill level 5 in Throwing
  4084 | D:5      | Noticed a troll
  4105 | D:5      | Killed a troll
  4106 | D:5      | Reached skill level 7 in Long Blades
  4599 | D:5      | Found a runed translucent gate.
  4600 | D:5      | Found a runed translucent gate.
  4602 | D:5      | Found a runed translucent gate.
  4603 | D:5      | Noticed jimonade's ghost (novice DjWr)
  4607 | D:5      | Identified the +0 mace "Zigoam" {flame, *Slow rF+ Str+2
                  | Int+2}
  4607 | D:5      | Identified the +0 chain mail "Ximaqiupt" {rElec Will-
                  | Int+7}
  4614 | D:5      | Found a staircase to the Ecumenical Temple.
  4640 | Temple   | Entered the Ecumenical Temple
  4753 | Temple   | Became a worshipper of Nemelex Xobeh the Trickster
  5131 | D:6      | Noticed Grinder
  5135 | D:6      | Paralysed by Grinder for 3 turns
  5143 | D:6      | Paralysed by Grinder for 2 turns
  5146 | D:6      | Demolished by an ogre

Illustrated notes

Levels and vault maps discovered:
D:1:      minmay_arrival_stair_chambers, layout_basic, serial_shops, shop
D:2:      layout_basic, basic_altar
D:3:      layout_basic, nicolae_uskayaw_en_pointe,
          shapermc_ecumenical_altar_pompeii
D:4:      minmay_recursive_quarters, layout_basic, palyth_stone_intersect
D:5:      layout_basic, minmay_temple_entry_enclosed_plants, enter_ossuary_5,
          biasface_ghost_orc_armoury
D:6:      layout_cave_pools, uniq_menkaure, uniq_grinder
Temple:   hellmonk_temple_forest_ring

Skill      XL: |  1  2  3  4  5  6  7  8 |
---------------+-------------------------+-----
Long Blades    | 4 5 6 7 |  7.2
Throwing       | 3 4 5 |  5.4
Armour         | 1 2 |  2.4
Fighting       | 3 4 |  4.5
Dodging        | 5 6 |  6.3
Invocations    | |  0.1
Evocations     | |  0.1

Action                     |  1- 3 |  4- 6 |  7- 9 || total
---------------------------+-------+-------+-------++-------
  Melee: Long sword        |   118 |   210 |   123 ||   451
         Punch             |     1 |     4 |     4 ||     9
  Throw: Throwing net      |       |       |     2 ||     2
    Use: Scroll            |     3 |    10 |     2 ||    15
         Potion            |     2 |     3 |     5 ||    10
   Stab: Sleeping          |     1 |     1 |     1 ||     3
         Held in net/web   |       |       |     2 ||     2
 Armour: Leather armour    |    40 |    94 |    16 ||   150
         Troll leather arm |       |       |    10 ||    10
  Dodge: Dodged            |   105 |   234 |    79 ||   418

Table legend: (Time is in decaauts)
 A = Elapsed time spent in this place.
 B = Non-inter-level travel time spent in this place.
 C = Inter-level travel time spent in this place.
 D = Time resting spent in this place.
 E = Time spent auto-exploring this place.
 F = Levels seen in this place.
 G = Mean time per level.
                   A        B        C        D        E       F      G
               +--------+--------+--------+--------+--------+-----+--------+
         Total |   5280 |   5028 |    252 |      0 |   4065 |   8 |  660.0 |
       Dungeon |   4404 |   4171 |    233 |      0 |   3409 |   6 |  734.0 |
        Temple |    122 |    104 |     18 |      0 |     88 |   1 |  122.0 |
       Ossuary |    753 |    753 |      0 |      0 |    568 |   1 |  753.0 |
               +--------+--------+--------+--------+--------+-----+--------+

Top non-repeatable levels by time:
     D:5: 1098 daAuts
     D:4: 1051 daAuts
     D:1: 848 daAuts
 Ossuary: 753 daAuts
     D:2: 692 daAuts
     D:3: 681 daAuts
  Temple: 122 daAuts
     D:6: 31 daAuts
